 Dungeon Crawl Stone Soup version 0.23-a0-639-ga9a3373 (webtiles) character file.

17282 Lanoc the Grappler (level 12, -1/119 HPs)
             Began as a Troll Monk on Dec 29, 2018.
             Was an Elder of the Shining One.
             Slain by a ghost moth (4 damage)
             ... on level 3 of the Lair of Beasts.
             The game lasted 00:34:46 (11212 turns).

Lanoc the Grappler (Troll Monk)                    Turns: 11212, Time: 00:34:49

Health: -1/119     AC:  7    Str: 21 (26) XL:     12   Next: 17%
Magic:  0/11       EV: 13    Int:  3 (6)  God:    the Shining One [****..]
Gold:   847        SH:  0    Dex:  9 (12) Spells: 11/11 levels left

rFire    . . .     SeeInvis .     - Unarmed
rCold    + . .     Gourm    +   (no shield)
rNeg     + + .     Faith    .   x - +2 robe {MR+}
rPois    .         Spirit   .   (helmet restricted)
rElec    .         Reflect  .   (no cloak)
rCorr    .         Harm     .   (gloves unavailable)
MR       ++...                  (boots unavailable)
Stlth    ..........             r - amulet of the acrobat
HPRegen  0.69/turn              p - ring of the Good {rC+ Stlth-}
MPRegen  0.12/turn              I - ring of protection from magic

@: glowing
A: large, unfitting armour, claws 3, fast metabolism 3, gourmand, regeneration
1, shaggy fur 1, tough skin 2
a: Divine Shield, Cleansing Flame, Renounce Religion


You were on level 3 of the Lair of Beasts.
You worshipped the Shining One.
The Shining One was greatly pleased with you.
You were completely stuffed.

You visited 3 branches of the dungeon, and saw 13 of its levels.
You also visited: Sewer and Volcano.

You collected 847 gold pieces.

Inventory:

Hand Weapons
 a - the +0 spear "Giantbane" {venom, Dex+4}
   (You found it on level 5 of the Dungeon)

   It poisons the flesh of those it strikes.
   It affects your dexterity (+4).
Missiles
 l - 12 curare-tipped needles
 q - 102 arrows
 w - 2 tomahawks of returning (quivered)
 D - 3 tomahawks
Armour
 x - a +2 robe of magic resistance (worn)
Jewellery
 p - the ring of the Good (left claw) {rC+ Stlth-}
   (You took it off an orc on level 4 of the Dungeon)

   [ring of attention]

   It protects you from cold.
   It makes you less stealthy.
 r - an amulet of the acrobat (around neck)
 E - an uncursed ring of resist corrosion
 G - an uncursed amulet of magic regeneration
 I - a ring of protection from magic (right claw)
Wands
 s - a wand of acid (8)
 t - a wand of iceblast (25)
 C - a wand of paralysis (7)
 F - a wand of polymorph (13)
Scrolls
 c - 4 scrolls of amnesia
 d - a scroll of blinking
 f - 4 scrolls of teleportation
 g - 4 scrolls of enchant armour
 i - a scroll of immolation {unknown}
 u - 3 scrolls of fear
 y - 2 scrolls of magic mapping
 z - 4 scrolls of fog
 B - 6 scrolls of remove curse
 M - a scroll of torment {unknown}
Potions
 e - 5 potions of brilliance
 h - 3 potions of flight
 j - a potion of curing
 k - 2 potions of invisibility
 m - a potion of ambrosia
 n - 3 potions of mutation
 o - 2 potions of magic
 H - 3 potions of lignification
 J - a potion of haste
Miscellaneous
 L - a fan of gales
Comestibles
 b - 22 rations
 v - 4 chunks of flesh


   Skills:
 + Level 8.0 Fighting
 + Level 8.3 Throwing
 + Level 8.0 Dodging
 - Level 1.0 Stealth
 * Level 12.8 Unarmed Combat


You had 11 spell levels left.
You didn't know any spells.
Your spell library contained the following spells:

 Spells                   Type           Power        Failure   Level  Hunger
 Beastly Appendage        Tmut           #.....       52%         1    ##.....
 Sticks to Snakes         Tmut           #.......     67%         2    ###....
 Spider Form              Tmut/Pois      #.........   88%         3    ####...
 Ice Form                 Ice/Tmut       #.......     99%         4    #####..
 Blade Hands              Tmut           #.........   100%        5    ######.


Dungeon Overview and Level Annotations

Branches:
Dungeon (9/15)             Temple (1/1) D:5            Lair (3/6) D:9
 Shoals (0/4) Lair:2
  Snake: Lair:2-4    Spider: Lair:2-4       Orc: D:9-12

Altars:
Ashenzari
Dithmenos
Elyvilon
Fedhas
Gozag
Hepliaklqana
Kikubaaqudgha
Makhleb
Nemelex Xobeh
Okawaru
Qazlal
Ru
Sif Muna
Trog
Vehumet
Xom
Yredelemnul
Zin
The Shining One


Innate Abilities, Weirdness & Mutations

You are too large for most types of armour.
You have claws for hands.
Your metabolism is lightning-fast.
You like to eat raw meat.
Your natural rate of healing is unusually fast.
You are covered in fur. (AC +1)
You have very tough skin. (AC +2)


Message History

The ghost moth stings you but does no damage.
It was a potion of degeneration.
There was something very wrong with that liquid.
You feel weakened.
You feel dopey.
You feel clumsy. The ghost moth stares at you. The ghost moth hits you.
* * * LOW HITPOINT WARNING * * *
You feel weakened. The ghost moth hits you.
* * * LOW HITPOINT WARNING * * *
You feel weakened. The ghost moth completely misses you.
It was a potion of cancellation.
You feel magically purged. The ghost moth hits you!
* * * LOW HITPOINT WARNING * * *
The ghost moth hits you. The Shining One protects you from harm!
You feel dopey. The ghost moth stings you.
You die...

...............D......#
.....................##
....................##
....................##
.....................#
.....................#
.....................#
...............y....#
................@...#
....................##
#.P###########.P#..#.#
### #########


You could see a ghost moth (invisible).

Vanquished Creatures
  A queen ant (Lair:3)
  A salamander mystic (Volcano)
  A hell knight (Volcano)
  Pikel (D:4)
  4 salamanders (Volcano)
  An oklob plant (Lair:2)
  2 merfolk sirens (Lair:2)
  A black mamba (Lair:3)
  2 molten gargoyles (Volcano)
  Joseph (D:7)
  2 spiny frogs
  A komodo dragon (Lair:1)
  2 rime drakes
  A hornet (D:8)
  Prince Ribbit (D:5)
  4 hippogriffs
  A wyvern (D:8)
  6 yaks
  2 fire bats (Volcano)
  Eustachio (D:4)
  3 basilisks
  9 soldier ants (Lair:3)
  4 water moccasins
  3 porcupines
  A black bear (D:9)
  3 orc warriors
  2 phantoms
  2 sky beasts
  An ice beast (D:6)
  4 necrophages
  6 crocodiles
  5 centaurs
  2 big kobolds
  5 bullfrogs
  A wyvern skeleton (D:7)
  A scorpion (D:9)
  9 killer bees
  2 electric eels (Lair:2)
  3 bullfrog zombies
  8 howler monkeys
  4 crimson imps
  9 hounds
  4 lava snakes (Volcano)
  2 orc priests
  8 orc wizards
  5 jellies
  2 centaur zombies
  An iguana (D:8)
  23 worker ants
  2 howler monkey skeletons
  14 adders
  2 river rats (D:5)
  A shadow imp (D:8)
  7 oozes
  5 worms
  2 dart slugs (D:2)
  8 leopard geckos
  27 orcs
  6 ball pythons
  11 giant cockroaches
  5 goblins
  8 hobgoblins
  3 jackals (D:6)
  8 kobolds
  5 quokkas
  6 bats
  10 frilled lizards
  2 jackal skeletons
  A leopard gecko zombie (D:6)
  7 rats
  28 plants (Lair:2)
336 creatures vanquished.

Vanquished Creatures (others)
  A bush (D:6)
  7 plants
8 creatures vanquished.

Grand Total: 344 creatures vanquished

Notes
Turn   | Place    | Note
-------+----------+-------------------------------------------
     0 | D:1      | Lanoc the Troll Monk began the quest for the Orb.
     0 | D:1      | Reached XP level 1. HP: 22/22 MP: 0/0
   122 | D:1      | Reached XP level 2. HP: 29/29 MP: 1/1
   627 | D:2      | Reached XP level 3. HP: 36/36 MP: 2/2
   781 | D:2      | Reached skill level 1 in Throwing
  1451 | D:3      | Reached XP level 4. HP: 44/44 MP: 3/3
  1522 | D:3      | Reached skill level 4 in Unarmed Combat
  1706 | D:3      | Found a white marble altar of Elyvilon.
  2320 | D:4      | Reached XP level 5. HP: 17/53 MP: 4/4
  2588 | D:4      | Noticed a phantom
  2626 | D:4      | Killed a phantom
  2626 | D:4      | Reached skill level 5 in Unarmed Combat
  2626 | D:4      | Reached XP level 6. HP: 14/61 MP: 5/5
  2704 | D:4      | HP: 1/61 [orc priest/divine providence (15)]
  2809 | D:4      | Found a blossoming altar of Fedhas.
  2828 | D:4      | Identified the ring of the Good {rC+ Stlth-}
  2852 | D:4      | Found a burning altar of Makhleb.
  2926 | D:4      | Noticed a slave
  2927 | D:4      | Noticed Pikel
  2928 | D:4      | Noticed a slave
  2929 | D:4      | Noticed a slave
  2931 | D:4      | Noticed a slave
  2939 | D:4      | Killed Pikel
  2939 | D:4      | Reached skill level 6 in Unarmed Combat
  2939 | D:4      | Reached XP level 7. HP: 53/70 MP: 6/6
  2974 | D:4      | Noticed Eustachio
  2983 | D:4      | Killed Eustachio
  2983 | D:4      | Reached XP level 8. HP: 65/78 MP: 7/7
  3139 | D:5      | Entered Level 5 of the Dungeon
  3165 | D:5      | Noticed Prince Ribbit
  3175 | D:5      | Killed Prince Ribbit
  3175 | D:5      | Reached skill level 7 in Unarmed Combat
  3206 | D:5      | Got a faintly glowing spear
  3258 | D:5      | Identified the cursed +0 spear "Giantbane" {venom, Dex+4}
                  | (You found it on level 5 of the Dungeon)
  3416 | D:5      | Found a glowing drain.
  3426 | Sewer    | Entered a sewer
  3958 | D:5      | Found a staircase to the Ecumenical Temple.
  3964 | Temple   | Entered the Ecumenical Temple
  4122 | Temple   | Became a worshipper of the Shining One
  4122 | Temple   | Reached * piety under the Shining One
  4122 | Temple   | Reached ** piety under the Shining One
  4503 | D:6      | Reached skill level 8 in Unarmed Combat
  4555 | D:6      | Reached skill level 5 in Fighting
  4555 | D:6      | Reached XP level 9. HP: 75/88 MP: 8/8
  4595 | D:6      | Reached skill level 5 in Dodging
  4783 | D:6      | Found a sacrificial altar of Ru.
  4980 | D:6      | Found a blossoming altar of Fedhas.
  5103 | D:6      | Reached skill level 5 in Throwing
  5334 | D:7      | Reached skill level 9 in Unarmed Combat
  5429 | D:7      | Reached *** piety under the Shining One
  5534 | D:7      | Noticed Joseph
  5552 | D:7      | Killed Joseph
  5849 | D:7      | Found a glowing silver altar of Zin.
  6203 | D:8      | Reached XP level 10. HP: 98/98 MP: 9/9
  6384 | D:8      | Paralysed by a hornet for 1 turns
  6708 | D:8      | Reached skill level 10 in Unarmed Combat
  7079 | D:9      | Found a staircase to the Lair.
  7661 | Lair:1   | Entered Level 1 of the Lair of Beasts
  7763 | Lair:1   | Noticed a six-headed hydra
  7772 | Lair:1   | HP: 1/100 [seven-headed hydra (17)]
  7793 | Lair:1   | Found a dark tunnel.
  7804 | Volcano  | Entered a volcano
  8362 | Volcano  | Found a burning altar of Makhleb.
  8362 | Volcano  | Noticed a salamander
  8362 | Volcano  | Noticed a salamander
  8362 | Volcano  | Noticed a salamander mystic
  8362 | Volcano  | Noticed a salamander
  8372 | Volcano  | Killed a salamander mystic
  8376 | Volcano  | Killed a salamander
  8380 | Volcano  | Killed a salamander
  8380 | Volcano  | Reached skill level 11 in Unarmed Combat
  8387 | Volcano  | Killed a salamander
  8387 | Volcano  | Reached XP level 11. HP: 20/107 MP: 10/10
  8700 | Volcano  | Noticed a hell knight
  8704 | Volcano  | Killed a hell knight
  8887 | Lair:1   | Found a sparkling altar of Nemelex Xobeh.
  9348 | Lair:2   | Noticed an oklob plant
  9411 | Lair:2   | Killed an oklob plant
  9697 | Lair:2   | Reached skill level 12 in Unarmed Combat
  9779 | Lair:2   | Found a staircase to the Shoals.
  9885 | Lair:2   | HP: 4/109 [spiny frog (22)]
 10706 | Lair:3   | Reached **** piety under the Shining One
 10716 | Lair:3   | Noticed a queen ant
 10734 | Lair:3   | Killed a queen ant
 10747 | Lair:3   | Reached XP level 12. HP: 56/119 MP: 11/11
 11191 | Lair:3   | Noticed a four-headed hydra
 11205 | Lair:3   | Noticed a ghost moth
 11205 | Lair:3   | a four-headed hydra changed into a ghost moth
 11212 | Lair:3   | HP: 3/119 [ghost moth (11)]
 11212 | Lair:3   | The Shining One protects you from harm!
 11212 | Lair:3   | Slain by a ghost moth

Vault maps used:
D:1:      lightli_arrival_windingriver, serial_curves, eino_curves_01,
          eino_curves_03
D:3:      lemuel_round_altar, glass_columns_a
D:4:      makhleb_blood_cavern_becter, overflow_temple_1_default, first_ration,
          uniq_pikel, uniq_eustachio
D:5:      minmay_temple_entry_fiery, lightli_sewer_entry_pipes,
          uniq_prince_ribbit1
D:6:      nicolae_ru_the_path_less_chosen, fedhas_altar_decomposition
D:7:      nicolae_overflow_hidden_temple, uniq_joseph
D:9:      lair_entry_dummy, hangedman_little_slice_of_home
Temple:   jpeg_temple_clearing
Lair:1:   basic_altar, nicolae_volcano_entry_hallway, beast_lair_carwin_2,
          lemuel_fruit_tree
Lair:2:   wad_woods_structure_01, elwin_shoals_entry_rooms,
          chequers_serial_rivers_room_b, serial_bayou_shore_a,
          minmay_lair_oklob_chamber
Lair:3:   nicolae_spider_entry_orb_guardian, zaba_antful_of_joy
Sewer:    sewer_co_cracked_pipes
Volcano:  volcano_lake

Skill      XL: |  1  2  3  4  5  6  7  8  9 10 11 12 |
---------------+-------------------------------------+-----
Throwing       | 1 2 3 4 5 6 8 |  8.3
Unarmed Combat | 4 5 6 8 9 11 12 | 12.8
Fighting       | 3 4 5 6 7 8 |  8.0
Dodging        | 3 4 5 6 7 8 |  8.0
Stealth        | |  1.0

Action                   |  1- 3 |  4- 6 |  7- 9 | 10-12 || total
-------------------------+-------+-------+-------+-------++-------
Melee: Unarmed           |   100 |   106 |   283 |   516 ||  1005
       Punch             |     1 |     2 |    12 |    48 ||    63
Invok: Divine Shield     |       |       |       |     1 ||     1
Evoke: Wand              |       |       |       |     9 ||     9
  Use: Scroll            |     2 |     7 |    14 |     4 ||    27
       Potion            |       |     1 |       |    16 ||    17
 Stab: Sleeping          |     8 |     1 |     3 |       ||    12
  Eat: Chunk             |    19 |    13 |    31 |    46 ||   109
Armor: Robe              |    23 |    17 |    39 |    77 ||   156
Dodge: Dodged            |    48 |    55 |   151 |   295 ||   549
Block: Other             |       |       |       |     3 ||     3

Table legend:
 A = Non-vault XP
 B = Vault XP
 C = Vault XP percentage of total XP
 D = Non-vault monster count
 E = Vault monster count
 F = Vault count percentage of total count
                 A         B        C        D         E       F
            +---------+---------+-------+---------+---------+-------
      Total |   11144 |   13545 |  54.9 |     216 |      92 |  29.9
            +---------+---------+-------+---------+---------+-------
        D:1 |      35 |       0 |   0.0 |      18 |       0 |   0.0
        D:2 |      52 |       0 |   0.0 |      22 |       0 |   0.0
        D:3 |      82 |       0 |   0.0 |      12 |       0 |   0.0
        D:4 |     491 |     846 |  63.3 |      22 |       3 |  12.0
        D:5 |     423 |     360 |  46.0 |      10 |      10 |  50.0
        D:6 |     927 |     496 |  34.9 |      28 |       6 |  17.6
        D:7 |     652 |     423 |  39.3 |      23 |       1 |   4.2
        D:8 |    1611 |       0 |   0.0 |      24 |       0 |   0.0
        D:9 |    1387 |     162 |  10.5 |      29 |       8 |  21.6
     Lair:1 |     111 |     680 |  86.0 |       1 |       4 |  80.0
     Lair:2 |    2108 |    2526 |  54.5 |      13 |       8 |  38.1
     Lair:3 |    3265 |    2843 |  46.5 |      14 |      26 |  65.0
      Sewer |       0 |      41 | 100.0 |       0 |      12 | 100.0
    Volcano |       0 |    5168 | 100.0 |       0 |      14 | 100.0
            +---------+---------+-------+---------+---------+-------
